 Dungeon Crawl Stone Soup version 0.29.1-15-g9cfb28693d (console) character file.

Game seed: 11380669332050044579

2 Goreval the Sneak (level 1, 0/15 HPs)
             Began as a Naga Enchanter on Feb 23, 2023.
             Slain by a quokka (4 damage)
             ... on level 1 of the Dungeon.
             The game lasted 00:00:17 (179 turns).

Goreval the Sneak (Naga Enchanter)                   Turns: 179, Time: 00:00:18

Health: 0/15       AC:  1    Str: 10    XL:     1   Next: 30%
Magic:  3/3        EV:  9    Int: 15    God:
Gold:   11         SH:  0    Dex: 11    Spells: 4/4 levels left

rFire   . . .      SeeInvis +   a - +1 dagger
rCold   . . .      Faith    .   (no shield)
rNeg    . . .      Spirit   .   b - +0 robe
rPois   +          Reflect  .   (no helmet)
rElec   .          Harm     .   (no cloak)
rCorr   .          Rampage  .   (no gloves)
Will    .....                   (no barding)
Stlth   ++........              (no amulet)
HPRegen 0.05/turn               (no ring)
MPRegen 0.08/turn               (no ring)

@: short of breath, very slow
A: AC +0, large, see invisible, deformed body, poison resistance, slowness 2,
spit poison 1, naga tail 1
a: Spit Poison


You were on level 1 of the Dungeon.
You visited 1 branch of the dungeon, and saw 1 of its levels.

You collected 11 gold pieces.

Inventory:

Hand Weapons
 a - a +1 dagger (weapon)
Armour
 b - a +0 robe (worn)
Potions
 c - 2 potions of invisibility


   Skills:
 * Level 1.1 Short Blades
 - Level 1.5 Dodging
 + Level 4.4 Stealth
 + Level 2.0 Spellcasting
 * Level 3.0 Hexes


You had 4 spell levels left.
You didn't know any spells.
Your spell library contained the following spells:

 Spells                   Type           Power      Damage    Failure   Level
 Ensorcelled Hibernation  Hex/Ice        12%        N/A       19%         2
 Confusing Touch          Hex            10%        N/A       19%         3
 Tukima's Dance           Hex            10%        N/A       19%         3
 Dazzling Flash           Conj/Hex       12%        N/A       34%         3


Dungeon Overview and Level Annotations

Branches:
Dungeon (1/15) Zot: 5792

Altars:


Innate Abilities, Weirdness & Mutations

Your serpentine skin is tough. (AC +0)
You have supernaturally acute eyesight. (SInv)
Armour fits poorly on your strangely shaped body.
Your system is resistant to poisons. (rPois)
You cover ground very slowly.
You can spit poison.
You have a snake-like lower body.


Message History

There is an open door here.
A hobgoblin comes into view.
Found a stone staircase leading down.
A hobgoblin is nearby!
The hobgoblin shouts!
The hobgoblin hits you. x2
You hit the hobgoblin.
Aim: a hobgoblin (heavily wounded, 53% to hit)
The splash of poison hits the hobgoblin.
The hobgoblin hits you.
You hit the hobgoblin.
You kill the hobgoblin!
You have got your breath back.
You see here a hobgoblin corpse.
A rat comes into view.
A rat is nearby!
Aim: a rat (53% to hit)
The splash of poison misses the rat.
You hit the rat.
You kill the rat!
You have got your breath back.
You now have 11 gold pieces.
A quokka comes into view.
The quokka bites you. x2
You closely miss the quokka. The quokka barely misses you.
Aim: a quokka (38% to hit)
The splash of poison misses the quokka.
The quokka barely misses you.
You hit the quokka but do no damage. The quokka barely misses you.
You closely miss the quokka. The quokka bites you.
You closely miss the quokka. The quokka bites you.
* * * LOW HITPOINT WARNING * * *
You hit the quokka. The quokka barely misses you.
Unknown command.
You can't do that yet.
Unknown command.
Unknown command.
You don't know any spells.
Unknown command.
You hit the quokka. The quokka bites you.
You die...

######### #r.......
###################@#
#..................?#
##.##################
##############..........
#>†.............########
#.##.#########..#....#
#..#.#########....##.#
#.....................
#.###########...#....#
#.# #....###... #.#
........ ... #.#
###..#.#.# ## #.#
#..#..... #.# #..#.#.#.#
#.# #..#^#.#.. #.# #.#
#.# #.# #.# #.# #.# #.#
#.# #.# #.#.#.#


You could see a quokka.

Vanquished Creatures
  A hobgoblin (D:1)
  A rat (D:1)
2 creatures vanquished.

Notes
Turn   | Place    | Note
-------+----------+-------------------------------------------
     0 | D:1      | Goreval the Naga Enchanter began the quest for the Orb.
     0 | D:1      | Reached XP level 1. HP: 15/15 MP: 3/3
   179 | D:1      | Slain by a quokka

Illustrated notes

Levels and vault maps discovered:
D:1:      wheals_arrival_linesprint, layout_basic, serial_shops, shop

Action                   || total
-------------------------++-------
Melee: Dagger            ||     9
 Abil: Spit Poison       ||     3
Dodge: Dodged            ||     4
